 Dungeon Crawl Stone Soup version bcrawl-1.19.2-6-g6a88ae04c9 (webtiles) character file.

Game seed: 330384627011770155

58860 Mrkan the Bludgeoner (level 14, -4/92 HPs)
             Began as a Gargoyle Fighter on Dec 31, 2019.
             Was a High Priest of Trog.
             Killed by divine providence
             ... invoked by a smoke demon
             ... summoned by an orc sorcerer
              (11 damage)
             ... in the Orcish Mines.
             The game lasted 00:41:45 (21325 turns).

Mrkan the Bludgeoner (Gargoyle Fighter)            Turns: 21325, Time: 00:41:46

Health: -4/92      AC: 32    Str: 21    XL:     14   Next: 92%
Magic:  17/17      EV:  8    Int:  9    God:    Trog [*****.]
Gold:   1578       SH: 13    Dex: 13    Spells: 13/13 levels left

rFire    + . .     SeeInvis .   e - +3 eveningstar (holy)
rCold    . . .     Gourm    .   c - +0 shield
rNeg     + + .     Faith    .   g - +1 plate armour {rN+}
rPois    ∞         Spirit   .   Q - +2 helmet
rElec    +         Reflect  .   p - +0 cloak {MR+}
rCorr    .         Harm     .   (no gloves)
MR       +++..                  (no boots)
Stlth    ..........             (no amulet)
HPRegen  0.25/turn              G - ring of protection from magic
MPRegen  0.15/turn              n - ring of protection from fire

@: no status effects
A: big wings, negative energy resistance 1, electricity resistance, unbreathing,
petrification resistance, rot immunity, AC +10
a: Fly, Berserk, Trog's Hand, Brothers in Arms, Renounce Religion


You were in the Orcish Mines.
You worshipped Trog.
Trog was extremely pleased with you.
You were not hungry.

You visited 3 branches of the dungeon, and saw 17 of its levels.
You also visited: Bailey and Volcano.

You collected 1931 gold pieces.
You spent 353 gold pieces at shops.

Inventory:

Hand Weapons
 d - a +7 broad axe
 e - a +3 eveningstar of holy wrath (weapon)
Missiles
 P - a throwing net (quivered) {!f}
Armour
 c - a +0 shield (worn)
 g - a +1 plate armour of positive energy (worn)
 p - a +0 cloak of magic resistance (worn)
 Q - a +2 helmet (worn)
Jewellery
 n - a ring of protection from fire (right hand)
 F - a +4 ring of slaying
 G - a ring of protection from magic (left hand)
Wands
 b - a wand of digging (9)
 l - a wand of enslavement (12)
 s - a wand of polymorph (19)
 C - a wand of disintegration (15)
 K - a wand of flame (46)
 N - a wand of clouds (12)
 O - a wand of paralysis (3)
Scrolls
 a - 9 scrolls of remove curse
 j - 3 scrolls of magic mapping
 q - 6 scrolls of immolation
 x - 5 scrolls of teleportation
 y - a scroll of identify
 B - a scroll of fear
 I - 3 scrolls of fog
 J - a scroll of enchant weapon
 L - 2 scrolls of blinking
 M - 6 scrolls of amnesia
Potions
 h - 4 potions of brilliance
 i - 2 potions of haste
 k - 7 potions of agility
 m - a potion of invisibility
 o - 4 potions of mutation
 r - 4 potions of degeneration
 t - a potion of lignification
 v - 2 potions of cancellation
 w - a potion of flight
 z - 3 potions of curing
 E - 4 potions of ambrosia
 R - a potion of berserk rage {unknown}
 S - a potion of resistance
Comestibles
 f - 41 rations {!d}
 u - a chunk of flesh


   Skills:
 + Level 12.4 Fighting
 * Level 15.1 Maces & Flails
 + Level 12.5 Armour
 - Level 4.0 Dodging
 + Level 12.4 Shields
 - Level 5.1 Evocations


You had 13 spell levels left.
You didn't know any spells.
Your spell library was empty.

Dungeon Overview and Level Annotations

Branches:
Dungeon (10/12)            Temple (0/1) D:5            Lair (6/6) D:8
 Shoals (0/3) Lair:4        Snake (0/3) Lair:4        Slime (0/5) Lair:5
    Orc (1/1) D:10
    Elf: Orc:1

Altars:
Cheibriados
Elyvilon
Fedhas
Gozag
Hepliaklqana
Kikubaaqudgha
Sif Muna
Trog
Yredelemnul
Zin
The Shining One
Jiyva

Shops:
D:5 *   D:9 !   D:10 }[=[(   Orc (?

Annotations:
D:9 1 transporter, yrara's ghost, journeyman GrFi
Lair:5 1 runed door
Lair:6 3 runed translucent doors, weresquid's ghost, journeyman DsAc


Innate Abilities, Weirdness & Mutations

You are resistant to torment.
Your stone body is resilient. (AC +10)
You are immune to poison.
Your large and strong wings let you fly indefinitely.
You resist negative energy. (rN+)
You are resistant to electric shocks. (rElec)
You can survive without breathing.
You are immune to petrification.
You are immune to rotting.


Message History

You hit the orc sorcerer.
The orc sorcerer is severely wounded.
The smoke demon gestures at you. Something smites you!
* * * LOW HITPOINT WARNING * * *
The orc warrior hits you but does no damage.
You block the orc sorcerer's attack. You block the orc priest's attack.
You hit the orc sorcerer but do no damage.
The orc sorcerer is severely wounded.
The smoke demon gestures at you. Something smites you!
* * * LOW HITPOINT WARNING * * *
You block the orc warrior's attack.
You completely miss the orc sorcerer.
The orc sorcerer is severely wounded.
The orc sorcerer hits you but does no damage.
You block the orc priest's attack. The smoke demon gestures at you.
Something smites you!
You die...

#......................
#......................
##.....................
#.$...................
##....................
#.3.$......[......... ##
#.oo......$)[........ #.#
##..o.....[.)......... .^###
#...#@.....[..........
...###........$............ ##
##..#.....†............#...
...####...#...#..................
......##.....#...................
.........([.#)).......#.....∩....
...........#<.).[............)..)
....P.......)....................
..............................##.


You could see a smoke demon, an orc sorcerer, an orc warrior and an orc priest.

Vanquished Creatures
  Gastronok (Lair:3)
  An orc warlord (D:10)
  Nessos (Orc)
  A dire elephant (Lair:6)
  Fannar (Lair:3)
  5 hydras
  An anaconda (Lair:6)
  A dancing weapon (Volcano)
  2 two-headed ogres
  4 death yaks (Lair:5)
  2 orc high priests (Orc)
  The ghost of cirnu the Carver, a novice DsCK of Xom (D:8)
  2 ugly things (D:10)
  A cyclops (Orc)
  2 deep elf magi (Volcano)
  Pikel (D:4)
  3 orc knights
  5 toenail golems (Volcano)
  3 orc sorcerers
  2 manticores
  3 black mambas
  A centaur zombie (D:10)
  4 elephants (Lair:6)
  2 torpor snails
  2 gargoyles (D:10)
  Maurice (D:10)
  12 cane toads
  An efreet (D:10)
  2 rime drakes
  4 komodo dragons
  2 polar bears
  2 trolls
  8 blink frogs
  7 hippogriffs
  10 dream sheep
  A basilisk (D:10)
  A wyvern (Lair:2)
  36 yaks
  A hungry ghost (D:7)
  Grum (D:10)
  Menkaure (D:4)
  Edmund (D:5)
  3 wargs
  2 acid dragons
  8 crocodiles
  10 water moccasins
  8 porcupines
  13 ice beasts
  16 orc warriors
  A phantom (D:7)
  2 black bears (D:6)
  9 ogres
  6 sky beasts
  2 necrophages
  19 wolves
  3 centaurs
  15 bullfrogs
  A big kobold (D:9)
  Blork the orc (D:5)
  A water moccasin skeleton (D:4)
  A scorpion (D:5)
  11 killer bees
  8 wights
  3 howler monkeys (D:10)
  A bullfrog zombie (D:7)
  4 crimson imps
  7 orc priests
  4 hounds
  6 orc wizards
  Crazy Yiuf (D:2)
  5 centaur skeletons
  Terence (D:3)
  9 worker ants
  Ijyb (D:3)
  2 iguanas (D:7)
  A killer bee zombie (D:6)
  A hound zombie (D:6)
  A worker ant zombie (D:8)
  15 adders
  3 gnolls (D:6)
  A white imp (D:5)
  2 adder skeletons
  An adder zombie (D:6)
  4 worms
  3 dart slugs
  A leopard gecko (D:3)
  51 orcs
  2 ball pythons
  6 bats
  8 giant cockroaches
  5 goblins
  6 hobgoblins
  6 jackals
  12 kobolds
  5 quokkas
  3 frilled lizards (D:3)
  A quokka zombie (D:5)
  6 rats
  A butterfly (Lair:2)
  4 fungi
  2 plants (Lair:6)
478 creatures vanquished.

Vanquished Creatures (collateral kills)
  A basilisk (Lair:3)
  An orc wizard (D:10)
  10 orcs (D:10)
12 creatures vanquished.

Vanquished Creatures (others)
  3 deep elf magi (Volcano)
  3 orcs
  4 jackals (D:4)
  A jackal skeleton (D:4)
  19 fungi
  7 plants
37 creatures vanquished.

Grand Total: 527 creatures vanquished

Notes
Turn   | Place    | Note
-------+----------+-------------------------------------------
     0 | D:1      | Mrkan the Gargoyle Fighter began the quest for the Orb.
     0 | D:1      | Reached XP level 1. HP: 14/14 MP: 1/1
   282 | D:1      | Reached XP level 2. HP: 19/19 MP: 2/2
  1042 | D:2      | Reached XP level 3. HP: 12/23 MP: 3/3
  1583 | D:2      | Reached skill level 3 in Maces & Flails
  1583 | D:2      | Reached XP level 4. HP: 13/29 MP: 4/4
  1772 | D:2      | Found a runed door.
  1830 | D:2      | Noticed Crazy Yiuf
  1838 | D:2      | Paralysed by Crazy Yiuf for 2 turns
  1845 | D:2      | Killed Crazy Yiuf
  2183 | D:3      | Noticed Terence
  2193 | D:3      | Killed Terence
  2193 | D:3      | Reached XP level 5. HP: 32/33 MP: 5/5
  2349 | D:3      | Found a hazy altar of Hepliaklqana.
  2396 | D:3      | Noticed an ogre
  2405 | D:3      | Killed an ogre
  2405 | D:3      | Reached skill level 4 in Maces & Flails
  2405 | D:3      | Reached XP level 6. HP: 39/39 MP: 6/6
  2554 | D:3      | Found a bloodstained altar of Trog.
  2566 | D:3      | Became a worshipper of Trog the Wrathful
  2693 | D:3      | Noticed Ijyb
  2703 | D:3      | Killed Ijyb
  2928 | D:3      | Found an ancient bone altar of Kikubaaqudgha.
  2928 | D:3      | Found a shimmering blue altar of Sif Muna.
  3120 | D:4      | Found a blossoming altar of Fedhas.
  3130 | D:4      | Noticed Menkaure
  3141 | D:4      | Killed Menkaure
  3141 | D:4      | Reached skill level 5 in Maces & Flails
  3141 | D:4      | Reached XP level 7. HP: 36/44 MP: 7/7
  3343 | D:4      | Noticed Pikel
  3361 | D:4      | Killed Pikel
  3361 | D:4      | Reached skill level 5 in Fighting
  3361 | D:4      | Reached skill level 6 in Maces & Flails
  3361 | D:4      | Reached skill level 5 in Armour
  3361 | D:4      | Reached skill level 5 in Shields
  3361 | D:4      | Reached XP level 8. HP: 25/50 MP: 8/8
  3590 | D:4      | Reached * piety under Trog
  3930 | D:5      | Entered Level 5 of the Dungeon
  3997 | D:5      | Noticed Edmund
  4011 | D:5      | Killed Edmund
  4023 | D:5      | Reached skill level 7 in Maces & Flails
  4106 | D:5      | Found Onkuytad's General Store.
  4259 | D:5      | Found a staircase to the Ecumenical Temple.
  4351 | D:5      | Noticed Blork the orc
  4361 | D:5      | Killed Blork the orc
  4365 | D:5      | Reached XP level 9. HP: 40/56 MP: 9/9
  5137 | D:6      | Reached skill level 8 in Maces & Flails
  5338 | D:6      | Found an opulent altar of Gozag.
  5786 | D:6      | Reached ** piety under Trog
  5909 | D:7      | Reached skill level 9 in Maces & Flails
  5909 | D:7      | Reached XP level 10. HP: 62/63 MP: 10/10
  6400 | D:7      | Found a white marble altar of Elyvilon.
  6645 | D:7      | Found a glowing silver altar of Zin.
  6882 | D:8      | Found a glowing golden altar of the Shining One.
  6887 | D:8      | Found a basalt altar of Yredelemnul.
  6889 | D:8      | Noticed a profane servitor
  6907 | D:8      | Found a staircase to the Lair.
  7235 | D:8      | Reached *** piety under Trog
  7235 | D:8      | Reached skill level 10 in Maces & Flails
  7605 | D:8      | Found a runed translucent gate.
  7707 | D:8      | Found a runed translucent gate.
  7707 | D:8      | Found a runed translucent gate.
  7707 | D:8      | Noticed a nine-headed hydra
  7707 | D:8      | Noticed cirnu's ghost (novice DsCK)
  7951 | D:9      | Found a transporter.
  7963 | D:9      | Noticed yrara's ghost (journeyman GrFi)
  8050 | D:9      | Found a flagged portal.
  8071 | Bailey   | Entered a bailey
  8476 | D:9      | Noticed a two-headed ogre
  8483 | D:9      | Killed a two-headed ogre
  8483 | D:9      | Reached XP level 11. HP: 53/69 MP: 11/11
  8722 | D:9      | Noticed a manticore
  8737 | D:9      | Killed a manticore
  8918 | D:9      | Reached skill level 11 in Maces & Flails
  9113 | D:9      | Reached **** piety under Trog
  9517 | D:9      | Found Hoebaeff's Distillery.
  9522 | D:9      | Bought a potion of curing for 42 gold pieces
  9522 | D:9      | Bought a potion of curing for 42 gold pieces
  9674 | D:8      | Killed a nine-headed hydra
  9680 | D:8      | HP: 1/71 [cirnu's ghost (4)]
  9684 | D:8      | Killed cirnu's ghost
 10062 | Lair:1   | Entered Level 1 of the Lair of Beasts
 10444 | Lair:1   | Noticed an eight-headed hydra
 10456 | Lair:1   | Killed an eight-headed hydra
 10552 | Lair:1   | Reached skill level 12 in Maces & Flails
 10552 | Lair:1   | Reached XP level 12. HP: 51/77 MP: 12/12
 10938 | Lair:2   | Reached skill level 10 in Fighting
 10938 | Lair:2   | Reached skill level 10 in Armour
 10962 | Lair:2   | Reached skill level 10 in Shields
 11101 | Lair:2   | Found a frozen archway.
 11582 | Lair:2   | Got a shimmering quarterstaff
 11607 | Lair:2   | Found a snail-covered altar of Cheibriados.
 11970 | Lair:2   | Reached skill level 1 in Evocations
 12371 | Lair:3   | Noticed Fannar
 12569 | Lair:3   | Killed Fannar
 12736 | Lair:3   | Noticed Gastronok
 12755 | Lair:3   | Killed Gastronok
 12755 | Lair:3   | Reached skill level 13 in Maces & Flails
 13138 | Lair:3   | Reached XP level 13. HP: 84/84 MP: 15/15
 13613 | Lair:4   | Found a staircase to the Shoals.
 14062 | Lair:4   | Reached ***** piety under Trog
 14321 | Lair:4   | Found a staircase to the Snake Pit.
 14885 | Lair:5   | Found a runed door.
 14888 | Lair:5   | Noticed an azure jelly
 14888 | Lair:5   | Noticed an azure jelly
 14889 | Lair:5   | Found a viscous altar of Jiyva.
 14889 | Lair:5   | Found a staircase to the Slime Pits.
 15355 | Lair:5   | Reached skill level 14 in Maces & Flails
 15640 | Lair:5   | Got a fine short sword
 16002 | Lair:6   | Entered Level 6 of the Lair of Beasts
 16141 | Lair:6   | Found a runed translucent gate.
 16141 | Lair:6   | Found a runed translucent gate.
 16141 | Lair:6   | Found a runed translucent gate.
 16141 | Lair:6   | Noticed weresquid's ghost (journeyman DsAc)
 16264 | Lair:6   | Received a gift from Trog
 16382 | Lair:6   | Reached skill level 5 in Evocations
 16398 | Lair:6   | Gained mutation: Your large and strong wings let you fly
                  | indefinitely. [Gargoyle growth]
 16398 | Lair:6   | Reached XP level 14. HP: 21/91 MP: 17/17
 16990 | Lair:6   | Identified a scroll of acquirement
 17024 | Lair:6   | Found a shimmering blue altar of Sif Muna.
 17468 | Lair:6   | Noticed a dire elephant
 17482 | Lair:6   | Killed a dire elephant
 17482 | Lair:6   | Reached skill level 1 in Dodging
 17569 | Lair:6   | Noticed a dire elephant
 17569 | Lair:6   | Noticed a dire elephant
 17594 | Lair:6   | HP: 3/91 [dire elephant (20)]
 18214 | D:10     | Entered Level 10 of the Dungeon
 18437 | D:10     | Noticed Grum
 18454 | D:10     | Killed Grum
 18560 | D:10     | Found Engaifad's Gadget Emporium.
 18583 | D:10     | Found Fololoci's Antique Armour Boutique.
 18641 | D:10     | Found Misekk Miyn's Armour Emporium.
 18646 | D:10     | Found Ucoygosm's Weapon Shoppe.
 18731 | D:10     | Bought a +0 cloak of magic resistance for 172 gold pieces
 18811 | D:10     | Received a gift from Trog
 18865 | D:10     | Found a shimmering blue altar of Sif Muna.
 18884 | D:10     | Noticed Maurice
 18902 | D:10     | Killed Maurice
 19007 | D:10     | Found a staircase to the Orcish Mines.
 19104 | D:10     | Found Hoebb's Jewellery Shop.
 19309 | Orc      | Entered the Orcish Mines
 19322 | Orc      | Noticed an orc warlord
 19327 | Orc      | Noticed Nessos
 19603 | D:10     | Killed an orc warlord
 19810 | Orc      | Killed Nessos
 19867 | Orc      | Found Reazas's Magic Scroll Shop.
 19908 | Orc      | Found a dark tunnel.
 19910 | Orc      | Bought a scroll of enchant weapon for 97 gold pieces
 19918 | Volcano  | Entered a volcano
 20569 | Orc      | Reached skill level 15 in Maces & Flails
 20604 | Orc      | HP: 1/92 [smoke demon/divine providence[an orc sorcerer]
                  | (12)]
 21249 | Orc      | Found Maomamo's Antique Weapon Shoppe.
 21325 | Orc      | Killed from afar by a smoke demon

Skill      XL: |  1  2  3  4  5  6  7  8  9 10 11 12 13 14 |
---------------+-------------------------------------------+-----
Maces & Flails | 3 4 5 6 7 9 10 12 13 14 15 | 15.1
Armour         | 4 5 6 7 8 9 10 11 12 | 12.5
Fighting       | 4 5 6 7 8 9 10 11 12 | 12.4
Shields        | 4 5 6 7 8 9 10 11 12 | 12.4
Evocations     | 3 5 |  5.1
Dodging        | 4 |  4.0

Action                   |  1- 3 |  4- 6 |  7- 9 | 10-12 | 13-15 || total
-------------------------+-------+-------+-------+-------+-------++-------
Melee: Flail             |   137 |    21 |    80 |   744 |   506 ||  1488
       Mace              |       |   127 |   219 |       |       ||   346
       Unarmed           |       |     3 |       |       |       ||     3
       Eveningstar       |       |       |       |       |   525 ||   525
Invok: Berserk           |       |       |       |     2 |     1 ||     3
       Brothers in Arms  |       |       |       |     1 |     1 ||     2
       Trog's Hand       |       |       |       |     1 |       ||     1
  Use: Scroll            |       |     7 |       |     1 |    28 ||    36
       Potion            |       |       |       |     3 |     5 ||     8
 Stab: Confused          |       |     1 |       |       |       ||     1
  Eat: Chunk             |     2 |     5 |    10 |    18 |    19 ||    54
       Ration            |       |       |       |     3 |     3 ||     6
Armor: Scale mail        |    98 |    89 |    55 |       |       ||   242
       Plate armour      |       |       |   138 |   442 |   673 ||  1253
Dodge: Dodged            |    49 |    59 |    58 |   133 |   281 ||   580
Block: Shield            |    89 |    80 |   164 |   452 |   700 ||  1485
